 Dungeon Crawl Stone Soup version 0.26-a0-602-gd42a14c (webtiles) character file.

Game seed: 12603940553983120826

1540 B1Gdaddy5 the Cleaver (level 8, -12/70 HPs)
             Began as a Hill Orc Fighter on Aug 29, 2020.
             Was an Initiate of Makhleb.
             Killed by divine providence
             ... invoked by an orc priest
              (13 damage)
             ... on level 7 of the Dungeon on Aug 31, 2020.
             The game lasted 01:10:37 (6161 turns).

B1Gdaddy5 the Cleaver (Hill Orc Fighter)            Turns: 6161, Time: 01:10:38

Health: -12/70     AC: 17    Str: 21    XL:     8   Next: 86%
Magic:  8/8        EV:  5    Int: 14    God:    Makhleb [......]
Gold:   444        SH: 11    Dex: 10    Spells: 7/7 levels left

rFire    . . .     SeeInvis .   D - +2 war axe
rCold    . . .     Faith    .   c - +1 kite shield
rNeg     . . .     Spirit   .   o - +1 plate armour
rPois    .         Reflect  .   (no helmet)
rElec    .         Harm     .   q - +0 cloak
rCorr    .                      y - +0 pair of gloves
MR       .....                  l - +0 pair of boots
Stlth    ..........             (no amulet)
HPRegen  0.21/turn              i - ring of stealth
MPRegen  0.11/turn              C - +6 ring of intelligence

@: lethally poisoned (-12 -> -14)
A: no striking features
a: Renounce Religion, Convert to Beogh


You were on level 7 of the Dungeon.
You worshipped Makhleb.
Makhleb was noncommittal.
You visited 2 branches of the dungeon, and saw 8 of its levels.

You collected 444 gold pieces.

Inventory:

Hand Weapons
 k - a +1 dagger of draining
 p - a +3 quarterstaff of chaos
 D - a +2 war axe (weapon)
Armour
 c - a +1 kite shield (worn)
 f - a +0 pair of gloves
 l - a +0 pair of boots (worn)
 m - a +0 scale mail
 o - a +1 plate armour (worn)
 q - a +0 cloak (worn)
 y - a +0 pair of gloves (worn)
Jewellery
 i - a ring of stealth (left hand)
 r - an uncursed ring of protection from fire
 t - an uncursed ring of protection from cold
 A - an uncursed ring of see invisible
 B - an uncursed ring of magical power
 C - a +6 ring of intelligence (right hand)
Wands
 E - a wand of flame (12)
Scrolls
 b - a scroll of teleportation
 e - a scroll of blinking {unknown}
 s - 2 scrolls of remove curse
 u - a scroll of immolation {unknown}
 x - a scroll of fear
 F - a scroll of brand weapon {unknown}
 G - a scroll of noise {unknown}
Potions
 d - 2 potions of haste {unknown}
 g - 2 potions of curing
 h - a potion of stabbing
 j - 2 potions of degeneration
 n - 3 potions of heal wounds
 v - a potion of berserk rage {unknown}
 w - a potion of ambrosia {unknown}
 z - 4 potions of flight


   Skills:
 + Level 5.9 Fighting
 + Level 9.7 Axes
 + Level 5.6 Armour
 + Level 1.0 Dodging
 + Level 0.3 Stealth
 + Level 6.7 Shields


You had 7 spell levels left.
You didn't know any spells.
Your spell library contained the following spells:

 Spells                   Type           Power        Failure   Level
 Magic Dart               Conj           #...         100%        1
 Sandblast                Erth           #.....       100%        1
 Blink                    Tloc           N/A          100%        2
 Call Imp                 Summ           #.......     100%        2
 Passwall                 Tmut/Erth      #.......     100%        2
 Slow                     Hex            #.......     100%        2
 Conjure Flame            Conj/Fire      #.......     100%        3
 Mephitic Cloud           Conj/Pois/Air  #.......     100%        3
 Stone Arrow              Conj/Erth      #.....       100%        3
 Petrify                  Tmut/Erth      #.......     100%        4
 Lee's Rapid Deconstruct  Erth           #.........   100%        5


Dungeon Overview and Level Annotations

Branches:
Dungeon (7/15)             Temple (1/1) D:4

Altars:
Ashenzari
Cheibriados
Dithmenos
Elyvilon
Fedhas
Gozag
Hepliaklqana
Kikubaaqudgha
Makhleb
Nemelex Xobeh
Okawaru
Qazlal
Ru
Sif Muna
Trog
Uskayaw
Vehumet
Wu Jian
Xom
Yredelemnul
Zin
The Shining One


Message History

You feel sick. The orc hits you but does no damage.
The centaur barely misses you.
You feel sick. The adder bites you but does no damage.
You feel sick. You block the centaur's attack.
The orc priest mumbles some strange prayers to Beogh against you.
Beogh smites you!
* * * LOW HITPOINT WARNING * * *
You feel sick. You block the centaur's attack.
You feel sick.
The centaur hits you but does no damage.
The adder bites you.
* * * LOW HITPOINT WARNING * * *
You block the orc's attack. The centaur hits you.
* * * LOW HITPOINT WARNING * * *
* * * LOW HITPOINT WARNING * * *
You feel sick.
The centaur hits you but does no damage.
The orc priest calls down the wrath of Beogh upon you.
Beogh smites you!
You die...

#..##....# #..##....##
.. #.c#......# ##..
#..+......# .(..
#..#......# ...
#..##..#### ..#
##..##.o######..##..
#.(.....o..o........
#.........ac@.......
#...##+###S.........
###...##..##..##.###..
#..(......##..##.##
#..(.......+.......
#..(((((...#......<
..#..........#........
..+.........##.....##..
.##....###..# .....##


You could see a centaur, a worker ant, an orc priest, an adder and 2 orcs.

Vanquished Creatures
  Prince Ribbit (D:5)
  Sigmund (D:3)
  A water moccasin (D:6)
  3 sky beasts
  A phantom (D:6)
  An ogre (D:5)
  A scorpion (D:6)
  2 howler monkeys (D:6)
  Crazy Yiuf (D:2)
  A hound (D:6)
  A jelly (D:5)
  5 orc wizards
  2 worker ants (D:5)
  Robin (D:2)
  7 adders
  3 gnolls (D:3)
  2 white imps
  2 ufetubi (D:5)
  An ooze (D:3)
  An adder skeleton (D:4)
  2 adder zombies (D:5)
  4 dart slugs
  5 leopard geckos
  15 orcs
  6 bats
  5 giant cockroaches
  13 goblins
  11 hobgoblins
  A jackal (D:4)
  2 quokkas
  A frilled lizard (D:3)
  A jackal skeleton (D:4)
  5 kobolds
  9 rats
118 creatures vanquished.

Vanquished Creatures (others)
  A frilled lizard (D:2)
1 creature vanquished.

Grand Total: 119 creatures vanquished

Notes
Turn   | Place    | Note
-------+----------+-------------------------------------------
     0 | D:1      | B1Gdaddy5 the Hill Orc Fighter began the quest for the Orb.
     0 | D:1      | Reached XP level 1. HP: 19/19 MP: 1/1
   156 | D:1      | Reached XP level 2. HP: 27/27 MP: 2/2
   752 | D:2      | Reached XP level 3. HP: 33/33 MP: 3/3
   893 | D:2      | Reached skill level 3 in Axes
  1114 | D:2      | Noticed Robin
  1119 | D:2      | Reached XP level 4. HP: 39/40 MP: 4/4
  1131 | D:2      | Killed Robin
  1131 | D:2      | Reached skill level 4 in Axes
  1237 | D:2      | Reached XP level 5. HP: 34/46 MP: 5/5
  1319 | D:2      | Reached skill level 5 in Axes
  1637 | D:2      | Found a runed translucent door.
  1638 | D:2      | Noticed Crazy Yiuf
  1655 | D:2      | Killed Crazy Yiuf
  1971 | D:3      | Reached XP level 6. HP: 49/53 MP: 6/6
  2013 | D:3      | Upgraded the game from 0.26-a0-599-gc8f6553 to
                  | 0.26-a0-602-gd42a14c
  2107 | D:3      | Reached skill level 6 in Axes
  2231 | D:3      | Noticed Sigmund
  2273 | D:3      | Killed Sigmund
  2273 | D:3      | Reached skill level 7 in Axes
  2273 | D:3      | Reached XP level 7. HP: 37/60 MP: 7/7
  2813 | D:4      | Found an opulent altar of Gozag.
  2822 | D:4      | Found a shadowy altar of Dithmenos.
  2823 | D:4      | Found a burning altar of Makhleb.
  2830 | D:4      | Found an ornate altar of the Wu Jian Council.
  2830 | D:4      | Found a hazy altar of Hepliaklqana.
  2830 | D:4      | Found a glowing golden altar of the Shining One.
  2830 | D:4      | Found a hide-covered altar of Uskayaw.
  2835 | D:4      | Found a blossoming altar of Fedhas.
  2845 | D:4      | Found an ancient bone altar of Kikubaaqudgha.
  2850 | D:4      | Found a shimmering blue altar of Sif Muna.
  2856 | D:4      | Found a basalt altar of Yredelemnul.
  2861 | D:4      | Found a radiant altar of Vehumet.
  2955 | D:4      | Became a worshipper of Makhleb the Destroyer
  3504 | D:4      | Found a staircase to the Ecumenical Temple.
  3553 | Temple   | Entered the Ecumenical Temple
  3765 | D:5      | Entered Level 5 of the Dungeon
  4162 | D:5      | Reached skill level 5 in Shields
  4193 | D:5      | Noticed Prince Ribbit
  4672 | D:5      | Killed Prince Ribbit
  4672 | D:5      | Reached skill level 5 in Fighting
  4672 | D:5      | Reached skill level 8 in Axes
  4672 | D:5      | Reached skill level 5 in Armour
  4672 | D:5      | Reached XP level 8. HP: 53/68 MP: 8/8
  5327 | D:6      | Reached skill level 9 in Axes
  5894 | D:6      | Reached skill level 1 in Dodging
  5951 | D:6      | Found a stormy altar of Qazlal.
  6014 | D:6      | Found a shimmering altar of Xom.
  6158 | D:7      | HP: 2/70 [centaur (5)]
  6161 | D:7      | Killed from afar by an orc priest

Illustrated notes

Levels and vault maps discovered:
D:1:      nzn_arrival_crosshair, layout_basic
D:2:      layout_loops_cross, uniq_crazy_yiuf_cottage, uniq_robin
D:3:      layout_basic, uniq_sigmund
D:4:      wad_crossroads, layout_gridville, minitemple,
          minmay_temple_entry_nine_rooms
D:5:      layout_loops_ring, kennysheep_donut, minmay_pentangle,
          uniq_prince_ribbit1
D:6:      layout_rooms, nicolae_qazlal_general_emergency, basic_altar,
          minmay_fractal_squares_diagonal_5
D:7:      layout_gridville
Temple:   dpeg_three_leaves_temple

Skill      XL: |  1  2  3  4  5  6  7  8 |
---------------+-------------------------+-----
Axes           | 3 4 5 7 8 9 |  9.7
Shields        | 4 5 6 |  6.7
Fighting       | 4 5 |  5.9
Armour         | 4 5 |  5.6
Dodging        | 1 |  1.0
Stealth        | |  0.3

Action                   |  1- 3 |  4- 6 |  7- 9 || total
-------------------------+-------+-------+-------++-------
Melee: War axe           |   114 |   137 |   237 ||   488
  Use: Scroll            |       |     3 |    13 ||    16
       Potion            |       |       |     2 ||     2
Armor: Scale mail        |    55 |    30 |       ||    85
       Plate armour      |       |    50 |   153 ||   203
Dodge: Dodged            |    38 |    40 |    38 ||   116
Block: Kite shield       |    60 |    69 |   134 ||   263

Table legend: (Time is in decaauts)
 A = Elapsed time spent in this place.
 B = Non-inter-level travel time spent in this place.
 C = Inter-level travel time spent in this place.
 D = Time resting spent in this place.
 E = Time spent auto-exploring this place.
 F = Levels seen in this place.
 G = Mean time per level.
                   A        B        C        D        E       F      G
               +--------+--------+--------+--------+--------+-----+--------+
         Total |   6291 |   6205 |     86 |   1094 |   2642 |   8 |  786.4 |
       Dungeon |   6158 |   6072 |     86 |   1094 |   2632 |   7 |  879.7 |
        Temple |    132 |    132 |      0 |      0 |     10 |   1 |  132.0 |
               +--------+--------+--------+--------+--------+-----+--------+

Top non-repeatable levels by time:
     D:5: 1532 daAuts
     D:2: 1237 daAuts
     D:3: 883 daAuts
     D:4: 856 daAuts
     D:6: 808 daAuts
     D:1: 764 daAuts
  Temple: 132 daAuts
     D:7: 75 daAuts
